 Dungeon Crawl Stone Soup version 0.31-a0-176-g91f28db67f (webtiles) character file.

Game seed: 3309889359150475109

22220 qw the Skirmisher (level 12, -13/114 HPs)
             Began as a Naga Hunter on June 17, 2023.
             Was an Elder of Okawaru.
             Mangled by a cane toad (17 damage)
             ... on level 3 of the Lair of Beasts.
             The game lasted 00:05:13 (10450 turns).

qw the Skirmisher (Naga Hunter)                    Turns: 10450, Time: 00:05:14

Health: -13/114    AC: 24    Str: 11    XL:     12   Next: 98%
Magic:  18/18      EV: 18    Int:  9    God:    Okawaru [****..]
Gold:   988        SH:  5    Dex: 26    Spells: 11/11 levels left

rFire   + + +        f - +4 sling of Vys Jiu {heavy, Contam Dex+7}
rCold   . . .        (no shield)
rNeg    + . .        q - +1 steam dragon scales
rPois   +            g - +0 helmet
rElec   +            j - scarf {repulsion}
rCorr   .            c - +0 pair of gloves of Watchfulness {*Corrode rElec rF+++ Str-4}
SInv    +            a - +10 Black Knight's barding {ponderous, rPois rN+}
Will    +....        b - amulet of reflection
Stlth   ++++         (no ring)
HPRegen 0.39/turn    (no ring)
MPRegen 0.16/turn

%: corrode self (3%), repel missiles, reflection
@: about to teleport, heroic, marked, corroded, slowed, very slow
A: AC +4, large, see invisible, deformed body, poison resistance, slowness 2,
spit poison 1, naga tail 1
a: Spit Poison, Renounce Religion, Heroism, Finesse


You were on level 3 of the Lair of Beasts.
You worshipped Okawaru.
Okawaru was greatly pleased with you.
You visited 2 branches of the dungeon, and saw 13 of its levels.

You collected 988 gold pieces.


Innate Abilities, Weirdness & Mutations

Your serpentine skin is tough. (AC +4)
You have supernaturally acute eyesight. (SInv)
Armour fits poorly on your strangely shaped body.
Your system is resistant to poisons. (rPois)
You cover ground very slowly.
You can spit poison.
You have a snake-like lower body.


   Skills:
 + Level 9.3(14.3) Fighting
 - Level 14.0(19.0) Ranged Weapons
 - Level 4.0(9.0) Armour
 - Level 7.0(12.0) Dodging
 - Level 1.5(6.5) Stealth
 + Level 9.0 Invocations


You had 11 spell levels left.
You didn't know any spells.
Your spell library was empty.

Inventory:

Hand Weapons
 f - the +4 sling of Vys Jiu (weapon) {heavy, Contam Dex+7}
   (You found it on level 4 of the Dungeon)

   Dex:       It affects your dexterity (+7).
   Contam:    It causes magical contamination when unequipped.
Armour
 a - the +10 Black Knight's barding (worn) {ponderous, rPois rN+}
   (You acquired it on level 1 of the Dungeon)

   rPois:     It protects you from poison.
   rN:        It protects you from negative energy.
 c - the +0 pair of gloves of Watchfulness (worn) {*Corrode rElec rF+++ Str-4}
   (You found it on level 8 of the Dungeon)

   Str:       It affects your strength (-4).
   rF:        It renders you almost immune to fire.
   rElec:     It insulates you from electricity.
   *Corrode:  It may corrode you when you take damage.
 g - a +0 helmet (worn)
 j - a scarf of repulsion (worn)
 k - the +1 leather armour "Loemu" {rF+ Int+3 Stlth+}
   (You found it on level 7 of the Dungeon)

   Int:       It affects your intelligence (+3).
   rF:        It protects you from fire.
   Stlth:     It makes you more stealthy.
 m - a +0 pair of gloves
 n - a scarf of resistance
 q - +1 steam dragon scales (worn)
Jewellery
 b - an amulet of reflection (around neck)
 h - a ring of fire
Scrolls
 i - 5 scrolls of identify
 o - 2 scrolls of teleportation
Potions
 d - 5 potions of curing
 e - 3 potions of enlightenment
 l - 4 potions of heal wounds
 p - 3 potions of haste
 s - a potion of might

Dungeon Overview and Level Annotations

Branches:
Dungeon (10/15)            Temple (0/1) D:5            Lair (3/5) D:10
  Snake (0/4) Lair:2          Orc (0/2) D:10
  Swamp: Lair:2-3    Shoals: Lair:2-3

Altars:
Cheibriados
Okawaru
Vehumet


Message History

The cane toad stings you!
You have turned to stone.
The boulder beetle waves its antennae.
The yak gores you but does no damage. x4; The cane toad stings you!
The cane toad stings you but does no damage.
The yak gores you but does no damage. x4; The cane toad stings you.
The boulder beetle curls into a ball and begins rolling!
The yak completely misses you. The yak gores you but does no damage.
The yak gores you. The yak barely misses you. The cane toad stings you.
The boulder beetle stops rolling and uncurls.
The yak gores you but does no damage. x4; The cane toad stings you. x2
The cane toad completely misses you. The yak gores you!
Your corrosive artefact corrodes you!
The yak gores you. x2
The yak completely misses you. The cane toad stings you. x2
The boulder beetle leaps!
The yak gores you but does no damage. x2
The yak completely misses you. The yak gores you. The cane toad stings you!
The cane toad stings you.
The cane toad stings you but does no damage.
The boulder beetle leaps!
The yak gores you!
The yak gores you but does no damage. x3; The cane toad stings you!
A cane toad comes into view.
A komodo dragon comes into view.
The cane toad stings you but does no damage.
The yak gores you! The yak gores you but does no damage. The yak gores you!
The yak gores you but does no damage.
The cane toad stings you but does no damage. x2
You turn to flesh and can move again.
You shoot a sling bullet. The sling bullet hits the yak!
The yak is moderately wounded.
The yak gores you. The yak misses you. The yak gores you! The yak gores you.
The cane toad misses you. The cane toad completely misses you.
The yak misses you. The yak gores you! You block the cane toad's attack.
The yak gores you but does no damage. x2
The cane toad stings you but does no damage.
10450 ||| READING 3 scrolls of teleportation.
As you read the scroll of teleportation, it crumbles to dust.
You feel strangely unstable. The cane toad barely misses you.
The basilisk hisses menacingly.
The yak closely misses you.
You block the yak's attack. x2; The yak misses you.
The cane toad stings you!
You die...

.:........
.........##.
........#..
#.........
.......#
##l.....###.#
#FYY..........
#@YY.........
#YFF.........
##Yw.........
.###lYF........#
.......>....###
............#
.........<...#
.#PP#+PP.....# .
......#.....###
..


You could see a torpor snail, a komodo dragon, 7 yaks, 4 cane toads and a
basilisk.

Vanquished Creatures
  A hydra (Lair:2)
  A boulder beetle (D:8)
  A two-headed ogre (D:10)
  Nergalle (D:10)
  A skyshark (Lair:1)
  An oklob plant (Lair:2)
  An ugly thing (D:8)
  6 elephants (Lair:2)
  5 black mambas (Lair:2)
  3 komodo dragons
  A cane toad (Lair:1)
  A kobold demonologist (D:9)
  4 polar bears (Lair:1)
  3 trolls
  A slime creature (D:8)
  A vampire (D:4)
  2 wyverns
  A basilisk (Lair:2)
  26 yaks
  3 vampire mosquitoes
  2 steam dragons
  An acid dragon (D:8)
  15 water moccasins
  8 orc warriors
  A swamp drake (D:10)
  A sky beast (D:7)
  An ice beast (D:6)
  4 centaurs
  8 wolves (Lair:2)
  2 ogres
  2 kobold brigands
  3 scorpions
  8 bullfrogs
  3 gnoll sergeants
  3 wights (D:8)
  5 killer bees (D:8)
  4 howler monkeys
  7 jellies
  8 orc priests
  Ijyb (D:5)
  3 gnoll boudas
  5 hounds
  6 iguanas
  2 sleepcaps
  12 orc wizards
  20 gnolls
  12 adders
  A shadow imp (D:8)
  4 white imps
  An ufetubus (D:6)
  2 worms
  3 dart slugs
  47 orcs
  3 bats
  21 endoplasms
  2 giant cockroaches (D:2)
  4 hobgoblins
  4 jackals
  9 quokkas
  10 ball pythons
  3 frilled lizards
  9 goblins
  12 kobolds
  7 rats
353 creatures vanquished.

Notes
Turn   | Place    | Note
-------+----------+-------------------------------------------
     0 | D:1      | qw the Naga Hunter began the quest for the Orb.
     0 | D:1      | Reached XP level 1. HP: 19/19 MP: 1/1
     0 | D:1      | 0 ||| qw: Version: 0.3-a-5-g6f28e65
     0 | D:1      | 0 ||| qw: Game counter: 434
     0 | D:1      | 0 ||| qw: Always use a shield: true
     0 | D:1      | 0 ||| qw: God list: Okawaru
     0 | D:1      | 0 ||| qw: Allow faded altars: false
     0 | D:1      | 0 ||| qw: Do Orc after D:15 true
     0 | D:1      | 0 ||| qw: Do second Lair branch before Depths: true
     0 | D:1      | 0 ||| qw: Lair rune preference: random
     0 | D:1      | 0 ||| qw: Plans: Normal
     0 | D:1      | 0 ||| PLANNING D:1-11
    77 | D:1      | 77 ||| INVOKING Spit Poison.
    87 | D:1      | 87 ||| INVOKING Spit Poison.
   104 | D:1      | 104 ||| INVOKING Spit Poison.
   205 | D:1      | Reached skill level 4 in Ranged Weapons
   205 | D:1      | Reached XP level 2. HP: 26/26 MP: 2/2
   224 | D:1      | 224 ||| INVOKING Spit Poison.
   246 | D:1      | 246 ||| INVOKING Spit Poison.
   255 | D:1      | 255 ||| INVOKING Spit Poison.
   260 | D:1      | 260 ||| INVOKING Spit Poison.
   319 | D:1      | 319 ||| INVOKING Spit Poison.
   339 | D:1      | 339 ||| INVOKING Spit Poison.
   364 | D:1      | 364 ||| INVOKING Spit Poison.
   391 | D:1      | 391 ||| INVOKING Spit Poison.
   413 | D:1      | 413 ||| INVOKING Spit Poison.
   417 | D:1      | 417 ||| INVOKING Spit Poison.
   484 | D:1      | 484 ||| INVOKING Spit Poison.
   487 | D:1      | Reached XP level 3. HP: 31/32 MP: 3/3
   552 | D:1      | 552 ||| INVOKING Spit Poison.
   654 | D:1      | 654 ||| INVOKING Spit Poison.
   777 | D:1      | 777 ||| UPGRADING to scarf of repulsion.
   782 | D:1      | 782 ||| READING scroll labelled JINIONKEVOXT.
   783 | D:1      | 783 ||| READING scroll labelled OPAKIR QASTRYU.
   783 | D:1      | Identified a scroll of acquirement
   783 | D:1      | 783 ||| ACQUIRING +10 Black Knight's barding {ponderous,
                  | rPois rN+}
   783 | D:1      | Acquired the +10 Black Knight's barding {ponderous, rPois
                  | rN+}
   783 | D:1      | Found the +10 Black Knight's barding {ponderous, rPois rN+}
   785 | D:1      | 785 ||| UPGRADING to +10 Black Knight's barding {ponderous,
                  | rPois rN+}.
   790 | D:1      | 790 ||| READING scroll labelled ROUCEDDUUCS.
   891 | D:1      | 891 ||| DROPPING scroll of butterflies.
   943 | D:2      | 943 ||| INVOKING Spit Poison.
   950 | D:2      | 950 ||| INVOKING Spit Poison.
   953 | D:2      | 953 ||| INVOKING Spit Poison.
  1027 | D:2      | 1027 ||| INVOKING Spit Poison.
  1035 | D:2      | 1035 ||| INVOKING Spit Poison.
  1053 | D:2      | 1053 ||| INVOKING Spit Poison.
  1070 | D:2      | 1070 ||| INVOKING Spit Poison.
  1099 | D:2      | 1099 ||| INVOKING Spit Poison.
  1103 | D:2      | 1103 ||| INVOKING Spit Poison.
  1109 | D:2      | 1109 ||| INVOKING Spit Poison.
  1115 | D:2      | 1115 ||| INVOKING Spit Poison.
  1116 | D:2      | Reached skill level 5 in Ranged Weapons
  1116 | D:2      | Reached XP level 4. HP: 36/39 MP: 4/4
  1120 | D:2      | 1120 ||| INVOKING Spit Poison.
  1143 | D:2      | 1143 ||| INVOKING Spit Poison.
  1248 | D:2      | 1248 ||| INVOKING Spit Poison.
  1337 | D:2      | 1337 ||| INVOKING Spit Poison.
  1379 | D:2      | 1379 ||| READING scroll labelled DENOOF KONIMAS.
  1380 | D:2      | 1380 ||| READING scroll labelled UNNISEMERYM.
  1381 | D:2      | 1381 ||| DRINKING 2 coppery potions.
  1382 | D:2      | 1382 ||| DROPPING potion of invisibility.
  1412 | D:3      | 1412 ||| INVOKING Spit Poison.
  1449 | D:3      | 1449 ||| INVOKING Spit Poison.
  1487 | D:3      | Found a radiant altar of Vehumet.
  1493 | D:3      | 1493 ||| INVOKING Spit Poison.
  1496 | D:3      | 1496 ||| INVOKING Spit Poison.
  1502 | D:3      | Reached skill level 3 in Fighting
  1502 | D:3      | 1502 ||| INVOKING Spit Poison.
  1507 | D:3      | 1507 ||| INVOKING Spit Poison.
  1512 | D:3      | 1512 ||| INVOKING Spit Poison.
  1588 | D:3      | 1588 ||| INVOKING Spit Poison.
  1638 | D:3      | Reached XP level 5. HP: 49/49 MP: 5/5
  1640 | D:3      | 1640 ||| INVOKING Spit Poison.
  1644 | D:3      | 1644 ||| INVOKING Spit Poison.
  1650 | D:3      | 1650 ||| INVOKING Spit Poison.
  1651 | D:3      | Reached skill level 1 in Armour
  1655 | D:3      | 1655 ||| INVOKING Spit Poison.
  1714 | D:3      | 1714 ||| INVOKING Spit Poison.
  1720 | D:3      | 1720 ||| INVOKING Spit Poison.
  1724 | D:3      | 1724 ||| INVOKING Spit Poison.
  1834 | D:3      | 1834 ||| UPGRADING to amulet of reflection.
  1839 | D:3      | 1839 ||| READING scroll labelled VAPPEUW BONA.
  1842 | D:3      | 1842 ||| DRINKING 2 viscous pink potions.
  1872 | D:3      | 1872 ||| DROPPING potion of lignification.
  1899 | D:4      | 1899 ||| INVOKING Spit Poison.
  1904 | D:4      | 1904 ||| INVOKING Spit Poison.
  1916 | D:4      | 1916 ||| INVOKING Spit Poison.
  1919 | D:4      | 1919 ||| INVOKING Spit Poison.
  1944 | D:4      | 1944 ||| INVOKING Spit Poison.
  1948 | D:4      | 1948 ||| INVOKING Spit Poison.
  1951 | D:4      | Reached XP level 6. HP: 54/56 MP: 6/6
  1965 | D:4      | 1965 ||| INVOKING Spit Poison.
  1967 | D:4      | Reached skill level 6 in Ranged Weapons
  1979 | D:4      | 1979 ||| INVOKING Spit Poison.
  2054 | D:4      | Identified the +4 sling of Vys Jiu {heavy, Contam Dex+7}
  2056 | D:4      | 2056 ||| SWAPPING to +4 sling of Vys Jiu {heavy, Contam
                  | Dex+7}.
  2057 | D:4      | 2057 ||| DROPPING +0 shortbow.
  2089 | D:4      | Identified the +9 dagger of Susistagg {flame, Will++}
  2168 | D:4      | 2168 ||| INVOKING Spit Poison.
  2248 | D:4      | Found a snail-covered altar of Cheibriados.
  2274 | D:4      | 2274 ||| INVOKING Spit Poison.
  2333 | D:4      | 2333 ||| INVOKING Spit Poison.
  2447 | D:4      | 2447 ||| INVOKING Spit Poison.
  2450 | D:4      | 2450 ||| INVOKING Spit Poison.
  2461 | D:4      | Found an iron altar of Okawaru.
  2462 | D:4      | 2462 ||| PLANNING OKAWARU WORSHIP
  2462 | D:4      | 2462 ||| READING scroll labelled YHIMOK SIBO.
  2463 | D:4      | 2463 ||| READING scroll labelled WOAVIEX LOSCHU.
  2464 | D:4      | 2464 ||| READING 2 scrolls of identify.
  2464 | D:4      | 2464 ||| IDENTIFYING blue potion
  2472 | D:4      | Became a worshipper of Warmaster Okawaru
  2473 | D:4      | 2473 ||| PLANNING D:1-11
  2790 | D:4      | 2790 ||| DRINKING 2 brown potions.
  2826 | D:5      | Entered Level 5 of the Dungeon
  2827 | D:5      | 2827 ||| INVOKING Spit Poison.
  2830 | D:5      | Reached XP level 7. HP: 63/63 MP: 7/7
  2831 | D:5      | 2831 ||| INVOKING Spit Poison.
  2833 | D:5      | Noticed a vampire
  2834 | D:5      | 2834 ||| INVOKING Spit Poison.
  2836 | D:5      | 2836 ||| STAIRDANCE
  2838 | D:4      | 2838 ||| INVOKING Spit Poison.
  2848 | D:4      | HP: 10/64 [vampire/vampiric draining (9)]
  2849 | D:4      | 2849 ||| DRINKING potion of heal wounds.
  2854 | D:4      | HP: 15/64 [vampire (9)]
  2855 | D:4      | HP: 6/64 [vampire/vampiric draining (2)]
  2857 | D:4      | Killed a vampire
  3048 | D:5      | 3048 ||| INVOKING Spit Poison.
  3052 | D:5      | 3052 ||| STAIRDANCE
  3054 | D:4      | 3054 ||| INVOKING Spit Poison.
  3059 | D:4      | 3059 ||| INVOKING Spit Poison.
  3061 | D:4      | Reached skill level 7 in Ranged Weapons
  3063 | D:4      | 3063 ||| INVOKING Spit Poison.
  3107 | D:5      | 3107 ||| INVOKING Spit Poison.
  3108 | D:5      | 3108 ||| INVOKING Spit Poison.
  3111 | D:5      | 3111 ||| INVOKING Spit Poison.
  3141 | D:5      | 3141 ||| INVOKING Spit Poison.
  3146 | D:5      | 3146 ||| INVOKING Spit Poison.
  3149 | D:5      | 3149 ||| INVOKING Spit Poison.
  3154 | D:5      | 3154 ||| INVOKING Spit Poison.
  3156 | D:5      | Reached XP level 8. HP: 40/72 MP: 8/8
  3271 | D:5      | 3271 ||| INVOKING Spit Poison.
  3286 | D:5      | 3286 ||| INVOKING Spit Poison.
  3288 | D:5      | Reached skill level 8 in Ranged Weapons
  3300 | D:5      | 3300 ||| INVOKING Spit Poison.
  3303 | D:5      | 3303 ||| INVOKING Spit Poison.
  3307 | D:5      | Reached * piety under Okawaru
  3308 | D:5      | Reached skill level 3 in Dodging
  3308 | D:5      | 3308 ||| INVOKING Heroism.
  3309 | D:5      | 3309 ||| INVOKING Spit Poison.
  3333 | D:5      | 3333 ||| INVOKING Spit Poison.
  3359 | D:5      | 3359 ||| FLEEEEING.
  3418 | D:5      | 3418 ||| INVOKING Spit Poison.
  3421 | D:5      | 3421 ||| INVOKING Spit Poison.
  3441 | D:5      | 3441 ||| INVOKING Spit Poison.
  3450 | D:5      | 3450 ||| INVOKING Spit Poison.
  3511 | D:5      | 3511 ||| INVOKING Spit Poison.
  3515 | D:5      | 3515 ||| INVOKING Spit Poison.
  3517 | D:5      | Reached skill level 1 in Invocations
  3527 | D:5      | 3527 ||| INVOKING Heroism.
  3528 | D:5      | 3528 ||| INVOKING Spit Poison.
  3530 | D:5      | Noticed Ijyb
  3532 | D:5      | 3532 ||| Stepping ~*~*~tactically~*~*~ (outnumbered).
  3533 | D:5      | 3533 ||| INVOKING Spit Poison.
  3536 | D:5      | 3536 ||| INVOKING Heroism.
  3537 | D:5      | 3537 ||| INVOKING Spit Poison.
  3544 | D:5      | 3544 ||| INVOKING Spit Poison.
  3546 | D:5      | Killed Ijyb
  3656 | D:5      | 3656 ||| INVOKING Spit Poison.
  3733 | D:5      | Found a staircase to the Ecumenical Temple.
  3738 | D:5      | 3738 ||| UPGRADING to scarf of resistance.
  3748 | D:5      | 3748 ||| READING scroll labelled EKLUPLICAO.
  3749 | D:5      | 3749 ||| READING scroll labelled XIRAMO HOFO.
  3750 | D:5      | 3750 ||| READING scroll labelled BOEJ FAEBLYU.
  3751 | D:5      | 3751 ||| READING 2 scrolls of identify.
  3751 | D:5      | 3751 ||| IDENTIFYING murky blue potion
  3752 | D:5      | 3752 ||| DROPPING potion of berserk rage.
  3784 | D:6      | 3784 ||| INVOKING Spit Poison.
  3800 | D:6      | 3800 ||| INVOKING Spit Poison.
  3804 | D:6      | 3804 ||| INVOKING Spit Poison.
  3808 | D:6      | 3808 ||| INVOKING Spit Poison.
  3811 | D:6      | 3811 ||| INVOKING Spit Poison.
  3836 | D:6      | 3836 ||| INVOKING Spit Poison.
  3839 | D:6      | Reached skill level 9 in Ranged Weapons
  3843 | D:6      | Reached XP level 9. HP: 81/81 MP: 9/9
  3876 | D:6      | 3876 ||| INVOKING Spit Poison.
  3923 | D:6      | 3923 ||| INVOKING Spit Poison.
  3983 | D:6      | 3983 ||| INVOKING Spit Poison.
  3987 | D:6      | 3987 ||| INVOKING Spit Poison.
  3989 | D:6      | Reached skill level 6 in Fighting
  4042 | D:6      | 4042 ||| INVOKING Spit Poison.
  4128 | D:6      | 4128 ||| INVOKING Heroism.
  4131 | D:6      | 4131 ||| INVOKING Spit Poison.
  4132 | D:6      | Reached skill level 3 in Invocations
  4176 | D:6      | 4176 ||| INVOKING Spit Poison.
  4180 | D:6      | 4180 ||| INVOKING Spit Poison.
  4288 | D:6      | 4288 ||| READING scroll labelled VYAH UMEIKU.
  4289 | D:6      | 4289 ||| READING scroll labelled LUIXTA ITYI.
  4389 | D:7      | 4389 ||| INVOKING Heroism.
  4392 | D:7      | 4392 ||| INVOKING Spit Poison.
  4522 | D:7      | 4522 ||| INVOKING Spit Poison.
  4666 | D:7      | Identified the +1 leather armour "Loemu" {rF+ Int+3 Stlth+}
  4691 | D:7      | 4691 ||| INVOKING Spit Poison.
  4693 | D:7      | 4693 ||| INVOKING Heroism.
  4697 | D:7      | 4697 ||| INVOKING Spit Poison.
  4700 | D:7      | 4700 ||| INVOKING Spit Poison.
  4705 | D:7      | 4705 ||| INVOKING Spit Poison.
  4708 | D:7      | 4708 ||| INVOKING Spit Poison.
  4737 | D:7      | 4737 ||| INVOKING Spit Poison.
  4796 | D:7      | 4796 ||| INVOKING Spit Poison.
  4800 | D:7      | 4800 ||| INVOKING Spit Poison.
  4917 | D:7      | 4917 ||| INVOKING Spit Poison.
  4944 | D:7      | 4944 ||| INVOKING Spit Poison.
  4948 | D:7      | 4948 ||| INVOKING Spit Poison.
  5109 | D:7      | 5109 ||| UPGRADING to +1 leather armour "Loemu" {rF+ Int+3
                  | Stlth+}.
  5119 | D:7      | 5119 ||| DROPPING +0 leather armour.
  5120 | D:7      | 5120 ||| DRINKING 2 silvery potions.
  5129 | D:8      | Noticed a boulder beetle
  5130 | D:8      | 5130 ||| INVOKING Heroism.
  5132 | D:8      | 5132 ||| INVOKING Spit Poison.
  5139 | D:8      | 5139 ||| INVOKING Spit Poison.
  5144 | D:8      | 5144 ||| INVOKING Spit Poison.
  5149 | D:8      | 5149 ||| INVOKING Spit Poison.
  5154 | D:8      | 5154 ||| INVOKING Heroism.
  5155 | D:8      | 5155 ||| INVOKING Spit Poison.
  5156 | D:8      | Killed a boulder beetle
  5156 | D:8      | Reached ** piety under Okawaru
  5157 | D:8      | Reached skill level 10 in Ranged Weapons
  5157 | D:8      | Reached XP level 10. HP: 89/91 MP: 10/13
  5161 | D:8      | Noticed a red ugly thing
  5163 | D:8      | 5163 ||| INVOKING Spit Poison.
  5166 | D:8      | 5166 ||| INVOKING Spit Poison.
  5166 | D:8      | Killed a red ugly thing
  5180 | D:8      | Identified the +0 pair of gloves of Watchfulness {*Corrode
                  | rElec rF+++ Str-4}
  5194 | D:8      | 5194 ||| INVOKING Heroism.
  5196 | D:8      | 5196 ||| INVOKING Spit Poison.
  5199 | D:8      | 5199 ||| Stepping ~*~*~tactically~*~*~ (outnumbered).
  5201 | D:8      | 5201 ||| INVOKING Spit Poison.
  5204 | D:8      | 5204 ||| INVOKING Spit Poison.
  5208 | D:8      | 5208 ||| INVOKING Spit Poison.
  5211 | D:8      | 5211 ||| INVOKING Spit Poison.
  5266 | D:8      | 5266 ||| UPGRADING to +0 pair of gloves of Watchfulness
                  | {*Corrode rElec rF+++ Str-4}.
  5271 | D:8      | 5271 ||| UPGRADING to scarf of repulsion.
  5317 | D:8      | 5317 ||| INVOKING Spit Poison.
  5320 | D:8      | 5320 ||| INVOKING Spit Poison.
  5326 | D:8      | 5326 ||| INVOKING Spit Poison.
  5385 | D:8      | 5385 ||| INVOKING Heroism.
  5386 | D:8      | 5386 ||| INVOKING Spit Poison.
  5391 | D:8      | 5391 ||| INVOKING Spit Poison.
  5451 | D:8      | 5451 ||| INVOKING Spit Poison.
  5460 | D:8      | 5460 ||| INVOKING Spit Poison.
  5462 | D:8      | Reached skill level 11 in Ranged Weapons
  5467 | D:8      | 5467 ||| INVOKING Spit Poison.
  5472 | D:8      | 5472 ||| INVOKING Spit Poison.
  5477 | D:8      | 5477 ||| INVOKING Spit Poison.
  5490 | D:8      | 5490 ||| INVOKING Spit Poison.
  5493 | D:8      | 5493 ||| INVOKING Spit Poison.
  5509 | D:8      | 5509 ||| INVOKING Spit Poison.
  5511 | D:8      | 5511 ||| Stepping ~*~*~tactically~*~*~ (outnumbered).
  5516 | D:8      | 5516 ||| Stepping ~*~*~tactically~*~*~ (outnumbered).
  5543 | D:8      | Reached *** piety under Okawaru
  5556 | D:8      | 5556 ||| INVOKING Spit Poison.
  5561 | D:8      | 5561 ||| INVOKING Spit Poison.
  5567 | D:8      | 5567 ||| INVOKING Spit Poison.
  5570 | D:8      | 5570 ||| INVOKING Heroism.
  5574 | D:8      | 5574 ||| INVOKING Spit Poison.
  5688 | D:8      | 5688 ||| INVOKING Spit Poison.
  5876 | D:8      | 5876 ||| INVOKING Heroism.
  5881 | D:8      | 5881 ||| INVOKING Spit Poison.
  5980 | D:8      | 5980 ||| DROPPING scarf of harm.
  5981 | D:8      | 5981 ||| UPGRADING to +0 steam dragon scales.
  5991 | D:8      | 5991 ||| READING scroll of enchant armour.
  5991 | D:8      | 5991 ||| ENCHANTING +0 steam dragon scales.
  6030 | D:9      | 6030 ||| INVOKING Spit Poison.
  6035 | D:9      | 6035 ||| INVOKING Spit Poison.
  6035 | D:9      | Noticed a kobold demonologist
  6038 | D:9      | Reached skill level 3 in Armour
  6039 | D:9      | 6039 ||| INVOKING Spit Poison.
  6042 | D:9      | Noticed a smoke demon
  6043 | D:9      | Noticed an orange demon
  6044 | D:9      | 6044 ||| INVOKING Spit Poison.
  6046 | D:9      | 6046 ||| Stepping ~*~*~tactically~*~*~ (outnumbered).
  6047 | D:9      | 6047 ||| INVOKING Spit Poison.
  6047 | D:9      | Killed a kobold demonologist
  6052 | D:9      | 6052 ||| FLEEEEING.
  6053 | D:9      | 6053 ||| STAIRDANCE
  6097 | D:9      | 6097 ||| STAIRDANCE
  6172 | D:9      | 6172 ||| INVOKING Spit Poison.
  6178 | D:9      | 6178 ||| INVOKING Heroism.
  6179 | D:9      | 6179 ||| INVOKING Spit Poison.
  6182 | D:9      | 6182 ||| INVOKING Spit Poison.
  6186 | D:9      | Reached XP level 11. HP: 103/103 MP: 12/14
  6199 | D:9      | 6199 ||| INVOKING Spit Poison.
  6306 | D:9      | 6306 ||| INVOKING Spit Poison.
  6559 | D:9      | 6559 ||| INVOKING Heroism.
  6560 | D:9      | 6560 ||| INVOKING Spit Poison.
  6564 | D:9      | 6564 ||| INVOKING Spit Poison.
  6939 | D:9      | 6939 ||| UPGRADING to +0 helmet.
  6944 | D:9      | 6944 ||| READING scroll labelled MUTRO ACAIS.
  6996 | D:10     | Entered Level 10 of the Dungeon
  7000 | D:10     | 7000 ||| INVOKING Heroism.
  7001 | D:10     | 7001 ||| INVOKING Spit Poison.
  7004 | D:10     | 7004 ||| INVOKING Spit Poison.
  7006 | D:10     | Reached skill level 12 in Ranged Weapons
  7029 | D:10     | Found a staircase to the Lair.
  7048 | D:10     | Noticed a two-headed ogre
  7049 | D:10     | 7049 ||| INVOKING Heroism.
  7050 | D:10     | 7050 ||| INVOKING Spit Poison.
  7054 | D:10     | Killed a two-headed ogre
  7143 | D:10     | 7143 ||| INVOKING Spit Poison.
  7146 | D:10     | 7146 ||| INVOKING Spit Poison.
  7150 | D:10     | 7150 ||| INVOKING Spit Poison.
  7154 | D:10     | 7154 ||| INVOKING Spit Poison.
  7190 | D:10     | 7190 ||| INVOKING Heroism.
  7192 | D:10     | 7192 ||| INVOKING Spit Poison.
  7228 | D:10     | 7228 ||| INVOKING Spit Poison.
  7276 | D:10     | 7276 ||| INVOKING Heroism.
  7277 | D:10     | 7277 ||| INVOKING Spit Poison.
  7280 | D:10     | 7280 ||| INVOKING Spit Poison.
  7282 | D:10     | Noticed Nergalle
  7283 | D:10     | 7283 ||| INVOKING Spit Poison.
  7289 | D:10     | 7289 ||| INVOKING Spit Poison.
  7293 | D:10     | 7293 ||| INVOKING Spit Poison.
  7294 | D:10     | 7294 ||| INVOKING Heroism.
  7300 | D:10     | 7300 ||| INVOKING Spit Poison.
  7301 | D:10     | Killed Nergalle
  7305 | D:10     | 7305 ||| INVOKING Spit Poison.
  7310 | D:10     | 7310 ||| INVOKING Spit Poison.
  7316 | D:10     | 7316 ||| INVOKING Spit Poison.
  7320 | D:10     | 7320 ||| INVOKING Heroism.
  7598 | D:10     | 7598 ||| INVOKING Spit Poison.
  7605 | D:10     | 7605 ||| INVOKING Spit Poison.
  7612 | D:10     | 7612 ||| INVOKING Heroism.
  7614 | D:10     | 7614 ||| INVOKING Spit Poison.
  7643 | D:10     | 7643 ||| INVOKING Spit Poison.
  7646 | D:10     | 7646 ||| INVOKING Spit Poison.
  7653 | D:10     | 7653 ||| INVOKING Spit Poison.
  7654 | D:10     | 7654 ||| INVOKING Heroism.
  7657 | D:10     | 7657 ||| INVOKING Spit Poison.
  7691 | D:10     | Found a staircase to the Orcish Mines.
  7887 | D:10     | 7887 ||| INVOKING Spit Poison.
  7979 | D:10     | 7979 ||| INVOKING Spit Poison.
  7985 | D:10     | Reached skill level 13 in Ranged Weapons
  7985 | D:10     | 7985 ||| INVOKING Spit Poison.
  7990 | D:10     | 7990 ||| INVOKING Spit Poison.
  7996 | D:10     | 7996 ||| INVOKING Spit Poison.
  7999 | D:10     | 7999 ||| INVOKING Heroism.
  8001 | D:10     | 8001 ||| INVOKING Spit Poison.
  8005 | D:10     | 8005 ||| INVOKING Spit Poison.
  8012 | D:10     | 8012 ||| INVOKING Spit Poison.
  8013 | D:10     | 8013 ||| INVOKING Heroism.
  8015 | D:10     | 8015 ||| INVOKING Spit Poison.
  8182 | D:10     | 8182 ||| PLANNING LAIR
  8182 | D:10     | 8182 ||| READING 3 scrolls of identify.
  8182 | D:10     | 8182 ||| IDENTIFYING grey potion
  8183 | D:10     | 8183 ||| DROPPING 2 potions of degeneration.
  8184 | D:10     | 8184 ||| DROPPING potion of ambrosia.
  8206 | Lair:1   | Entered Level 1 of the Lair of Beasts
  8217 | Lair:1   | 8217 ||| INVOKING Heroism.
  8218 | Lair:1   | 8218 ||| INVOKING Spit Poison.
  8234 | Lair:1   | 8234 ||| INVOKING Spit Poison.
  8238 | Lair:1   | Reached skill level 6 in Dodging
  8252 | Lair:1   | 8252 ||| INVOKING Spit Poison.
  8257 | Lair:1   | 8257 ||| INVOKING Spit Poison.
  8263 | Lair:1   | 8263 ||| INVOKING Spit Poison.
  8266 | Lair:1   | 8266 ||| INVOKING Spit Poison.
  8269 | Lair:1   | 8269 ||| INVOKING Spit Poison.
  8275 | Lair:1   | 8275 ||| INVOKING Spit Poison.
  8299 | Lair:1   | Found a dark tunnel.
  8346 | Lair:1   | Reached **** piety under Okawaru
  8397 | Lair:1   | 8397 ||| INVOKING Spit Poison.
  8401 | Lair:1   | 8401 ||| INVOKING Spit Poison.
  8407 | Lair:1   | 8407 ||| INVOKING Spit Poison.
  8414 | Lair:1   | 8414 ||| INVOKING Spit Poison.
  8501 | Lair:1   | Noticed a skyshark
  8503 | Lair:1   | 8503 ||| INVOKING Spit Poison.
  8507 | Lair:1   | 8507 ||| INVOKING Spit Poison.
  8510 | Lair:1   | 8510 ||| INVOKING Spit Poison.
  8512 | Lair:1   | 8512 ||| INVOKING Heroism.
  8515 | Lair:1   | Killed a skyshark
  8516 | Lair:1   | Reached skill level 9 in Fighting
  8516 | Lair:1   | Reached XP level 12. HP: 102/114 MP: 12/15
  8809 | Lair:1   | 8809 ||| INVOKING Heroism.
  8834 | Lair:1   | 8834 ||| INVOKING Heroism.
  9114 | Lair:2   | Reached skill level 6 in Invocations
  9122 | Lair:2   | 9122 ||| INVOKING Heroism.
  9232 | Lair:2   | Found a staircase to the Snake Pit.
  9406 | Lair:2   | 9406 ||| INVOKING Heroism.
  9524 | Lair:2   | Identified the +0 leather armour "Docsyv" {rC+ Int+2 Dex-5
                  | Stlth+}
  9530 | Lair:2   | 9530 ||| INVOKING Heroism.
  9565 | Lair:2   | Reached skill level 14 in Ranged Weapons
  9650 | Lair:2   | Identified the +5 lajatang of Death's Door {speed, MP+9}
  9680 | Lair:2   | Reached ***** piety under Okawaru
  9683 | Lair:2   | 9683 ||| INVOKING Heroism.
  9829 | Lair:2   | Noticed a seven-headed hydra
  9830 | Lair:2   | 9830 ||| INVOKING Heroism.
  9837 | Lair:2   | Killed a seven-headed hydra
  9972 | Lair:2   | 9972 ||| INVOKING Heroism.
 10310 | Lair:2   | 10310 ||| DROPPING +0 leather armour "Docsyv" {rC+ Int+2
                  | Dex-5 Stlth+}.
 10311 | Lair:2   | 10311 ||| READING 6 scrolls of identify.
 10311 | Lair:2   | 10311 ||| IDENTIFYING lumpy amethyst potion
 10435 | Lair:3   | Reached skill level 9 in Invocations
 10440 | Lair:3   | 10440 ||| INVOKING Heroism.
 10440 | Lair:3   | Noticed a boulder beetle
 10449 | Lair:3   | HP: 28/114 [yak (4)]
 10449 | Lair:3   | HP: 13/114 [yak[a torpor snail] (3)]
 10449 | Lair:3   | HP: 3/114 [yak (10)]
 10450 | Lair:3   | 10450 ||| READING 3 scrolls of teleportation.
 10450 | Lair:3   | Mangled by a cane toad

Levels and vault maps discovered:
D:1:      erik_arrival_triangle_medium, layout_loops_ring
D:2:      layout_basic
D:3:      layout_rooms, vehumet_crystals
D:4:      layout_cave_pods, okawaru_trees_2, nicolae_overflow_crystal_walls
D:5:      layout_rooms, minmay_temple_entry_enclosed_plants, minmay_manual_mess,
          uniq_ijyb
D:6:      layout_cave_pools
D:7:      layout_loops_corners
D:8:      cheibrodos_elevator_heist, layout_cave_pools, grunt_decor_arrowhead
D:9:      layout_loops_ring, kennysheep_dice
D:10:     minmay_angry_zag, layout_basic, dpeg_oklobed_lair, erik_orc_1,
          enter_bailey_3, uniq_nergalle
Lair:1:   layout_chaotic_city, enter_volcano_2, cheibrodos_lair_lostbears
Lair:2:   lemuel_slime, layout_regular_city, minmay_snake_entry_six_corridors,
          beast_lair_carwin_9, lemuel_fruit_fields
Lair:3:   layout_chaotic_city, elwin_shoals_entry_rooms,
          gammafunk_ghost_wrathful_warriors, minivault_19

Skill      XL: |  1  2  3  4  5  6  7  8  9 10 11 12 |
---------------+-------------------------------------+-----
Ranged Weapons | 4 5 6 7 9 10 11 13 14 | 14.0
Fighting       | 3 4 5 6 8 9 |  9.3
Armour         | 1 3 4 |  4.0
Dodging        | 2 3 4 5 6 7 |  7.0
Invocations    | 1 4 5 9 |  9.0
Stealth        | |  1.5

Action                     |  1- 3 |  4- 6 |  7- 9 | 10-12 || total
---------------------------+-------+-------+-------+-------++-------
   Fire: Shortbow          |    70 |    90 |       |       ||   160
         Sling             |       |    17 |   205 |   605 ||   827
 Invoke: Heroism           |       |       |     8 |    27 ||    35
Ability: Spit Poison       |    27 |    33 |    62 |    87 ||   209
    Use: Scroll            |     3 |     6 |     6 |     5 ||    20
         Potion            |       |     3 |     2 |       ||     5
 Armour: Leather armour    |    36 |    44 |   103 |    23 ||   206
         Steam dragon scal |       |       |       |   230 ||   230
  Dodge: Dodged            |    15 |    26 |    88 |   334 ||   463
         Repelled          |       |       |     1 |     2 ||     3
  Block: Other             |       |     2 |    42 |   125 ||   169
         Reflection        |       |     1 |     2 |       ||     3

Table legend:
 A = Non-vault XP
 B = Vault XP
 C = Vault XP percentage of total XP
 D = Non-vault monster count
 E = Vault monster count
 F = Vault count percentage of total count
                 A         B        C        D         E       F
            +---------+---------+-------+---------+---------+-------
      Total |   21068 |   10675 |  33.6 |     273 |      80 |  22.7
            +---------+---------+-------+---------+---------+-------
        D:1 |      42 |       0 |   0.0 |      23 |       0 |   0.0
        D:2 |      79 |       0 |   0.0 |      23 |       0 |   0.0
        D:3 |     169 |       0 |   0.0 |      18 |       0 |   0.0
        D:4 |     619 |       0 |   0.0 |      23 |       0 |   0.0
        D:5 |     707 |     405 |  36.4 |      28 |       7 |  20.0
        D:6 |    1007 |       0 |   0.0 |      21 |       0 |   0.0
        D:7 |     623 |       0 |   0.0 |      18 |       0 |   0.0
        D:8 |    2490 |    2170 |  46.6 |      36 |       6 |  14.3
        D:9 |    1138 |     257 |  18.4 |      18 |       2 |  10.0
       D:10 |    3843 |    1708 |  30.8 |      25 |      24 |  49.0
     Lair:1 |    4037 |     879 |  17.9 |      16 |       3 |  15.8
     Lair:2 |    5729 |    5256 |  47.8 |      20 |      38 |  65.5
     Lair:3 |     585 |       0 |   0.0 |       4 |       0 |   0.0
            +---------+---------+-------+---------+---------+-------
